 Dungeon Crawl Stone Soup version 0.30.0 (webtiles) character file.

Game seed: 5603749561935909665

50 Persephone the Cudgeller (level 3, -1/23 HPs)
             Began as a Gargoyle Fighter on May 6, 2023.
             Splashed by a jelly's acid (6 damage)
             ... on level 2 of the Dungeon.
             The game lasted 00:02:12 (1250 turns).

Persephone the Cudgeller (Gargoyle Fighter)         Turns: 1250, Time: 00:02:12

Health: -1/23      AC: -1    Str: 21    XL:     3   Next: 79%
Magic:  3/3        EV:  9    Int:  8    God:
Gold:   73         SH:  4    Dex:  9    Spells: 2/2 levels left

rFire   . . .        a - +0 flail
rCold   . . .        c - +0 buckler
rNeg    + . .        b - +0 scale mail
rPois   ∞            (no helmet)
rElec   +            (no cloak)
rCorr   .            (no gloves)
SInv    .            (no boots)
Will    .....        (no amulet) Stlth
                     (no ring)
HPRegen 0.23/turn    (no ring)
MPRegen 0.08/turn

%: no passive effects
@: corroded
A: sickness immunity, AC +3, negative energy resistance 1, electricity
resistance, torment resistance 1, petrification resistance
a: no special abilities


You were on level 2 of the Dungeon.
You visited 1 branch of the dungeon, and saw 2 of its levels.

You collected 73 gold pieces.

Inventory:

Hand Weapons
 a - a +0 flail (weapon)
Missiles
 l - a throwing net (quivered)
Armour
 b - a +0 scale mail (worn)
 c - a +0 buckler (worn)
Scrolls
 f - 5 scrolls of identify {unknown}
 i - 2 scrolls of noise {unknown}
 j - a scroll of brand weapon {unknown}
Potions
 d - a potion of might
 e - a potion of curing
 g - a potion of haste {unknown}
 h - a potion of mutation {unknown}
 k - a potion of resistance {unknown}


   Skills:
 - Level 3.2 Fighting
 + Level 4.0 Maces & Flails
 - Level 3.2 Armour
 - Level 3.2 Shields


You had 2 spell levels left.
You didn't know any spells.
Your spell library was empty.

Dungeon Overview and Level Annotations

Branches:
Dungeon (2/15)

Altars:

Shops:
D:1 !


Innate Abilities, Weirdness & Mutations

You are immune to sickness and miasma.
Your stone body is resilient. (AC +3)
You are immune to poison.
You resist negative energy. (rN+)
You are resistant to electric shocks. (rElec)
You are resistant to unholy torment.
You are immune to petrification.


Message History

An endoplasm comes into view.
There are monsters nearby! 2 jellies and 4 endoplasms come into view.
Found four items.
The endoplasm quivers. x4; The jelly quivers.
The endoplasm quivers.
The jelly hits the fungus.
The fungus begins to die.
The fungus is splashed with acid.
The acid corrodes the fungus!
There is an open door here.
You sock the endoplasm!
You kill the endoplasm!
The jelly hits the fungus.
The fungus begins to die.
The fungus is splashed with acid!
You hit the endoplasm.
The endoplasm is moderately wounded.
The endoplasm freezes you.
You are frozen.
You hit the endoplasm but do no damage.
The endoplasm is moderately wounded.
A nearby fungus withers and dies. x2; The endoplasm completely misses you.
The endoplasm hits you but does no damage.
You thump the endoplasm!
You kill the endoplasm!
Your Maces & Flails skill increases to level 4!
You hit the endoplasm.
You kill the endoplasm!
You sock the jelly!
Your hands burn!
The jelly is severely wounded.
The jelly hits you but does no damage.
You hit the jelly.
Your hands burn!
The jelly is severely wounded.
The jelly hits you but does no damage.
You hit the jelly. The acid corrodes you!
Your hands burn!
The jelly is almost dead.
The jelly hits you but does no damage. x2
You hit the jelly but do no damage. The acid corrodes you!
Your hands burn!
The jelly is almost dead.
The jelly hits you.
* * * LOW HITPOINT WARNING * * *
The acid corrodes you!
You are splashed with acid.
You die...

.........###.....##
#.#
...#.######.......#
#.# .....#
#.......# #.#
.....# #.......#
#.##### .....#
#.......# #.....†
.....# ####....#
####### ..####
##..'....# .##
#.######## .#
##....)@## .#
#######J# .#
....JPJJJ# ..
...J...J.#
.÷.P..÷..#
÷...÷P...#
..J...J..#
$....P.P.#
##########


You could see a jelly and 3 endoplasms.

Vanquished Creatures
  A worm (D:2)
  2 ball pythons
  5 bats
  9 endoplasms
  2 giant cockroaches (D:2)
  3 goblins (D:1)
  A hobgoblin (D:1)
  2 jackals (D:1)
  3 quokkas
  3 frilled lizards
  9 kobolds
  A rat (D:1)
41 creatures vanquished.

Vanquished Creatures (others)
  5 fungi (D:2)
  8 toadstools (D:2)
13 creatures vanquished.

Grand Total: 54 creatures vanquished

Notes
Turn   | Place    | Note
-------+----------+-------------------------------------------
     0 | D:1      | Persephone the Gargoyle Fighter began the quest for the
                  | Orb.
     0 | D:1      | Reached XP level 1. HP: 14/14 MP: 1/1
     3 | D:1      | Noticed an electric eel
     4 | D:1      | Noticed an electric eel
    87 | D:1      | Reached XP level 2. HP: 19/19 MP: 2/2
   482 | D:1      | Reached skill level 3 in Maces & Flails
   600 | D:1      | Found Oheyhu Kiec's Distillery.
   853 | D:2      | Reached XP level 3. HP: 23/23 MP: 3/3
  1043 | D:2      | Identified the +1 leather armour "Teseyf" {rElec Int+2
                  | Slay-6}
  1246 | D:2      | Reached skill level 4 in Maces & Flails
  1250 | D:2      | Splashed by a jelly's acid

Illustrated notes

Levels and vault maps discovered:
D:1:      arrival_aquarium_b, layout_basic, serial_shops, nicolae_square_shop
D:2:      cheibrodos_fertilizer, layout_loops_ring

Skill      XL: |  1  2  3 |
---------------+----------+-----
Maces & Flails | 3 4 |  4.0
Fighting       | |  3.2
Armour         | |  3.2
Shields        | |  3.2

Action                     || total
---------------------------++-------
  Melee: Flail             ||   143
    Use: Potion            ||     1
 Armour: Scale mail        ||    92
  Dodge: Dodged            ||    81
  Block: Buckler           ||    29
